 Dungeon Crawl Stone Soup version 0.25.1-2-g60ff931df9 (webtiles) character file.

Game seed: 12154587972504935489

2203 hawla the Nimble (level 9, -16/75 HPs)
             Began as a Minotaur Gladiator on Nov 8, 2020.
             Was an Initiate of Gozag.
             Demolished by Harold
             ... wielding a +2 flail of draining
              (18 damage)
             ... on level 7 of the Dungeon.
             The game lasted 00:16:54 (7519 turns).

hawla the Nimble (Minotaur Gladiator)               Turns: 7519, Time: 00:16:54

Health: -16/75     AC:  4    Str: 23      XL:     9   Next: 12%
Magic:  17/17      EV: 29    Int:  5      God:    Gozag
Gold:   695        SH:  0    Dex:  8 (13) Spells: 8/8 levels left

rFire    + . .     SeeInvis .   a - +0 long sword
rCold    + . .     Gourm    .   (no shield)
rNeg     . . .     Faith    .   b - +0 leather armour
rPois    +         Spirit   .   c - +1 hat
rElec    +         Reflect  .   (no cloak)
rCorr    +         Harm     .   (no gloves)
MR       .....                  (no boots)
Stlth    +.........             n - amulet of the acrobat
HPRegen  0.00/turn              r - ring of magical power
MPRegen  0.15/turn              (no ring)

@: brilliant, resistant, marked, acrobat, very slightly contaminated, heavily
drained, invisible
A: retaliatory headbutt, hooves 1, horns 2, blink, inhibited regeneration,
strong 1
a: Blink, Potion Petition, Call Merchant, Bribe Branch, Renounce Religion


You were on level 7 of the Dungeon.
You worshipped Gozag.
Gozag was pleased with you.
You were hungry.

You visited 2 branches of the dungeon, and saw 8 of its levels.

You collected 812 gold pieces.
You paid 117 gold pieces to Gozag.

Inventory:

Hand Weapons
 a - a +0 long sword (weapon)
 t - a +2 dagger of draining
 z - a +1 dagger of venom
Missiles
 d - 5 throwing nets
 i - 2 boomerangs (quivered)
 k - 39 poisoned darts
 q - 3 atropa-tipped darts
Armour
 b - a +0 leather armour (worn)
 c - a +1 hat (worn)
Jewellery
 n - an amulet of the acrobat (around neck)
 r - a ring of magical power (left hand)
Wands
 h - a wand of disintegration (9)
 l - a wand of digging (3)
 o - a wand of random effects (20)
 w - a wand of iceblast (9)
 x - a wand of clouds (2)
Scrolls
 g - a scroll of blinking
 p - a scroll of enchant weapon {unknown}
 u - 2 scrolls of teleportation
 y - a scroll of remove curse
Potions
 e - 4 potions of haste
 m - a potion of stabbing
 s - a potion of brilliance
Comestibles
 f - 9 rations


   Skills:
 + Level 5.6(3.7) Fighting
 + Level 3.6(3.9) Short Blades
 + Level 7.8(6.2) Long Blades
 + Level 4.0(2.1) Throwing
 + Level 5.0(3.1) Armour
 * Level 8.0(6.0) Dodging
 + Level 1.7(0.0) Stealth


You had 8 spell levels left.
You didn't know any spells.
Your spell library was empty.

Dungeon Overview and Level Annotations

Branches:
Dungeon (7/15)             Temple (1/1) D:5

Altars:
Ashenzari
Cheibriados
Dithmenos
Elyvilon
Fedhas
Gozag
Hepliaklqana
Kikubaaqudgha
Makhleb
Nemelex Xobeh
Qazlal
Ru
Sif Muna
Trog
Wu Jian
Yredelemnul
The Shining One
Beogh

Annotations:
D:7 Harold


Innate Abilities, Weirdness & Mutations

You reflexively headbutt those who attack you in melee.
You have a pair of horns on your head.
You have large cloven feet.
You can translocate small distances at will.
You do not regenerate when monsters are visible.
Your muscles are strong. (Str +2)


Message History

You blink.
You are feeling hungry.
Harold gestures at you while chanting. The mark upon you grows brighter.
You don't have enough health at the moment.
Unknown command.
It was a potion of brilliance.
You feel clever all of a sudden. Harold barely misses you.
It was a potion of invisibility.
You fade into invisibility!
Harold completely misses you.
You riposte.
You slash Harold! Your headbutt misses Harold.
Harold is moderately wounded.
You are very lightly contaminated with residual magic.
Okay, then.
Okay, then.
Harold hits you with a +2 flail of draining!!
You die...
Your body crumbles into a pile of gold.

#######.#.######
#.....#.#.##...#
#.....'.#.##...#
#.....###..'.<.#
#####.....##...#
#####.##...####
#########+##.......
#..@....$(.....####
#.@........(...#
#..............#
#..............#
#####+######...#
##### $


You could see Harold.

Vanquished Creatures
  An orc warrior (D:4)
  A phantom (D:4)
  A necrophage (D:7)
  An ogre (D:5)
  3 centaurs
  2 big kobolds
  2 bullfrogs
  A gnoll sergeant (D:4)
  A wyvern skeleton (D:7)
  2 scorpions
  2 howler monkeys
  2 jellies (D:6)
  A bullfrog zombie (D:3)
  5 crimson imps
  A quasit (D:6)
  2 orc priests
  A hound (D:5)
  3 orc wizards
  A centaur skeleton (D:6)
  An iguana (D:5)
  6 worker ants
  A hound skeleton (D:7)
  Robin (D:2)
  12 gnolls
  10 adders
  A howler monkey skeleton (D:4)
  An ooze (D:5)
  2 adder skeletons (D:4)
  2 worms
  3 dart slugs
  5 leopard geckos
  14 orcs
  5 giant cockroaches
  12 goblins
  7 hobgoblins
  19 jackals
  6 quokkas
  A ball python (D:4)
  9 bats
  5 frilled lizards
  20 kobolds
  A quokka skeleton (D:6)
  10 rats
187 creatures vanquished.

Vanquished Creatures (others)
  A human (D:2)
  2 orcs (D:7)
  A kobold (D:7)
4 creatures vanquished.

Grand Total: 191 creatures vanquished

Notes
Turn   | Place    | Note
-------+----------+-------------------------------------------
     0 | D:1      | hawla the Minotaur Gladiator began the quest for the Orb.
     0 | D:1      | Reached XP level 1. HP: 18/18 MP: 0/0
     0 | D:1      | Found a shattered altar of Ashenzari.
   160 | D:1      | Reached XP level 2. HP: 25/25 MP: 1/1
   899 | D:2      | Reached XP level 3. HP: 24/30 MP: 2/2
  1209 | D:2      | Reached skill level 4 in Dodging
  1209 | D:2      | Reached XP level 4. HP: 38/38 MP: 3/3
  1295 | D:2      | Noticed Robin
  1306 | D:2      | Killed Robin
  1559 | D:2      | Found an ancient bone altar of Kikubaaqudgha.
  1561 | D:2      | Noticed a human
  1563 | D:2      | Killed a human
  1726 | D:3      | Reached skill level 5 in Long Blades
  1728 | D:3      | Noticed a bullfrog
  1737 | D:3      | Killed a bullfrog
  1737 | D:3      | Reached skill level 1 in Armour
  1737 | D:3      | Reached XP level 5. HP: 36/45 MP: 4/4
  2474 | D:3      | Found an ancient bone altar of Kikubaaqudgha.
  2637 | D:3      | Found a shadowy altar of Dithmenos.
  2915 | D:4      | Reached XP level 6. HP: 39/52 MP: 5/5
  3005 | D:4      | Found a roughly hewn altar of Beogh.
  3016 | D:4      | Reached skill level 1 in Short Blades
  3143 | D:4      | Noticed an orc warrior
  3163 | D:4      | Reached skill level 5 in Dodging
  3167 | D:4      | Killed an orc warrior
  3579 | D:5      | Entered Level 5 of the Dungeon
  3589 | D:5      | Reached XP level 7. HP: 18/59 MP: 6/6
  4029 | D:4      | You fall into a shaft and drop 1 floor!
  4040 | D:5      | Reached skill level 1 in Stealth
  4108 | D:5      | Reached skill level 6 in Dodging
  4131 | D:5      | Reached XP level 8. HP: 9/67 MP: 7/7
  5205 | D:5      | Reached skill level 5 in Fighting
  5332 | D:5      | Found a stormy altar of Qazlal.
  5341 | D:5      | Found a bloodstained altar of Trog.
  5399 | D:5      | Found a staircase to the Ecumenical Temple.
  5406 | Temple   | Entered the Ecumenical Temple
  5446 | Temple   | Became a worshipper of Gozag Ym Sagoz the Greedy
  5693 | D:6      | Reached skill level 7 in Dodging
  5713 | D:6      | HP: 3/68 [centaur skeleton (7)]
  6274 | D:6      | Found an ornate altar of the Wu Jian Council.
  6803 | D:7      | Gained mutation: You can translocate small distances at
                  | will. [potion of mutation]
  6803 | D:7      | Gained mutation: You do not regenerate when monsters are
                  | visible. [potion of mutation]
  6803 | D:7      | Gained mutation: Your muscles are strong. (Str +2) [potion
                  | of mutation]
  6803 | D:7      | Gained mutation: You have large cloven feet. [potion of
                  | mutation]
  7176 | D:7      | Reached XP level 9. HP: 65/74 MP: 8/8
  7427 | D:7      | Found a shadowy altar of Dithmenos.
  7427 | D:7      | Found a sparkling altar of Nemelex Xobeh.
  7496 | D:7      | Reached skill level 5 in Armour
  7496 | D:7      | Reached skill level 8 in Dodging
  7501 | D:7      | Noticed Harold
  7519 | D:7      | Demolished by Harold

Illustrated notes

Levels and vault maps discovered:
D:1:      sevenhm_arrival_forest_fort_small_6, layout_basic
D:2:      layout_basic, minmay_misc_feat_tower, tgw_kikubaaqudgha, uniq_robin
D:3:      layout_basic, marbit_many_paths, first_ration, grunt_dithmenos_smoke
D:4:      cheibrodos_thug_alley, layout_loops_ring, kennysheep_another_room,
          kennysheep_orc_chapel
D:5:      layout_cave_pools, amethyst_overflow_temple_binary,
          minmay_temple_entry_drinking_statues
D:6:      layout_basic, nicolae_overflow_crystal_walls
D:7:      layout_basic, grunt_temple_overflow_open, uniq_harold, uniq_pikel
Temple:   nicolae_temple_elliptical

Skill      XL: |  1  2  3  4  5  6  7  8  9 |
---------------+----------------------------+-----
Long Blades    | 4 5 6 7 |  7.8
Fighting       | 3 4 5 |  5.6
Dodging        | 4 5 6 7 8 |  8.0
Armour         | 1 3 4 5 |  5.0
Short Blades   | 2 3 |  3.6
Stealth        | 1 |  1.7
Throwing       | 3 4 |  4.0

Action                   |  1- 3 |  4- 6 |  7- 9 || total
-------------------------+-------+-------+-------++-------
Melee: Long sword        |    45 |    54 |   139 ||   238
       Headbutt          |    12 |    32 |    48 ||    92
       Dagger            |       |    89 |   101 ||   190
       Kick              |       |       |    12 ||    12
Throw: Boomerang         |     4 |       |    35 ||    39
 Abil: Blink             |       |       |     4 ||     4
  Use: Scroll            |       |     9 |     5 ||    14
       Potion            |       |     4 |     8 ||    12
 Stab: Sleeping          |       |       |     1 ||     1
  Eat: Chunk             |     1 |     7 |     6 ||    14
       Ration            |       |       |     2 ||     2
Armor: Leather armour    |    11 |    16 |    47 ||    74
Dodge: Dodged            |    46 |   111 |   253 ||   410
       Rpst.: Long sword |    14 |    13 |    44 ||    71
